 Dungeon Crawl Stone Soup version 0.27-a0-333-gfa571bf19a (webtiles) character file.

Game seed: 7951217339139695091

1570 tilp the Changer (level 8, -3/54 HPs)
             Began as an Octopode Transmuter on Feb 12, 2021.
             Was a Believer of Okawaru.
             Slain by Prince Ribbit (6 damage)
             ... on level 5 of the Dungeon.
             The game lasted 00:21:33 (9985 turns).

tilp the Changer (Octopode Transmuter)              Turns: 9985, Time: 00:21:34

Health: -3/54      AC:  1    Str: 10    XL:     8   Next: 90%
Magic:  13/14      EV: 14    Int: 23    God:    Okawaru [**....]
Gold:   74         SH:  0    Dex: 12    Spells: 5/15 levels left

rFire    . . .     SeeInvis .     - Unarmed
rCold    . . .     Faith    .   (no shield)
rNeg     . . .     Spirit   .   (helmet currently unavailable)
rPois    .         Reflect  .   k - amulet of the acrobat
rElec    .         Harm     .   p - ring of willpower
rCorr    .         Rampage  .   x - +6 ring of intelligence
Will     +....                  (no ring)
Stlth    +++.......             (no ring)
HPRegen  0.18/turn              (no ring)
MPRegen  0.14/turn              (no ring)
                                (no ring)
                                (no ring)

@: appendages
A: almost no armour, stealthy swim, amphibious, 8 rings, constrict 8, tentacle
spike 3, camouflage 1, gelatinous body 1
a: End Transformation, Renounce Religion, Heroism


You were on level 5 of the Dungeon.
You worshipped Okawaru.
Okawaru was pleased with you.
One of your tentacles had a temporary spike.
You visited 1 branch of the dungeon, and saw 5 of its levels.
You also visited: Sewer and Ossuary.

You collected 186 gold pieces.
You spent 112 gold pieces at shops.

Inventory:

Missiles
 f - 7 silver javelins
 j - 8 poisoned darts (quivered)
 n - 2 curare-tipped darts
 z - 2 boomerangs
Armour
 v - a +0 buckler
Magical Staves
 y - a staff of poison
Jewellery
 k - an amulet of the acrobat (around mantle)
 p - a ring of willpower (left tentacle)
 x - a +6 ring of intelligence (right tentacle)
Scrolls
 b - 2 scrolls of immolation
 c - 2 scrolls of blinking
 h - a scroll of fog
 i - 2 scrolls of amnesia
 u - a scroll of magic mapping {unknown}
 w - 4 scrolls of teleportation
Potions
 a - 3 potions of heal wounds
 d - 7 potions of flight
 e - 3 potions of might
 g - 2 potions of ambrosia
 l - a potion of magic
 m - 2 potions of cancellation
 o - a potion of invisibility
 q - 2 potions of berserk rage
 r - 4 potions of curing
 s - a potion of mutation
 t - 4 potions of brilliance
 A - a potion of resistance
 B - a potion of lignification


   Skills:
 - Level 4.0 Fighting
 - Level 4.0 Dodging
 - Level 4.0 Stealth
 - Level 6.0 Unarmed Combat
 - Level 4.0 Spellcasting
 + Level 6.1 Transmutations
 - Level 2.0 Poison Magic


You had 5 spell levels left.
You knew the following spells:

 Your Spells              Type           Power        Failure   Level
a - Beastly Appendage     Tmut           66%          1%          1
b - Wereblood             Tmut           33%          1%          2
c - Spider Form           Tmut/Pois      11%          6%          3
d - Ice Form              Ice/Tmut       18%          28%         4

Your spell library contained the following spells:

 Spells                   Type           Power        Failure   Level
 Blade Hands              Tmut           16%          22%         5


Dungeon Overview and Level Annotations

Branches:
Dungeon (5/15)              Sewer (visited)         Ossuary (visited)
 Temple: D:4-7

Altars:
Ashenzari
Dithmenos
Elyvilon
Fedhas
Okawaru
Qazlal
Wu Jian

Shops:
D:5 ?

Annotations:
D:4 exclusions: phantom and troll
D:5 exclusion: ice beast, Menkaure, Prince Ribbit, Sigmund


Innate Abilities, Weirdness & Mutations

You cannot wear most types of armour.
You are very stealthy in the water. (Stealth+)
You are amphibious.
You can wear up to eight rings at the same time.
You can use your tentacles to constrict eight enemies at once.
Your skin changes colour to match your surroundings (Stealth+).
Your rubbery body absorbs attacks. (AC +1, EV +1)
One of your tentacles bears a large vicious spike.


Message History

Things that are here:
a +0 scale mail; a +0 robe; a +0 dagger Your tentacle spike disappears.
You see here a +0 flail.
Things that are here:
a +0 chain mail; a +0 club; a +0 club Prince Ribbit is nearby!
Unknown command.
Prince Ribbit blinks!
You start waiting.
Prince Ribbit is nearby!
You throw a poisoned dart. The poisoned dart hits Prince Ribbit.
Prince Ribbit is poisoned.
You throw a poisoned dart. The poisoned dart hits Prince Ribbit.
You throw a poisoned dart. The poisoned dart misses Prince Ribbit.
You throw a poisoned dart.
The poisoned dart barely misses Prince Ribbit.
Casting: Beastly Appendage (safe; 1% risk of failure)
Confirm with . or Enter, or press ? or * to list all spells.
One of your tentacles grows a vicious spike.
Prince Ribbit hits you.
You miss Prince Ribbit. Your grab misses Prince Ribbit.
Your tentacle spike misses Prince Ribbit.
Prince Ribbit is lightly wounded.
Prince Ribbit catches a fly with his tongue.
Prince Ribbit hits you!!
You tentacle-slap Prince Ribbit. Your grab misses Prince Ribbit.
Prince Ribbit is lightly wounded.
Prince Ribbit looks more healthy.
Prince Ribbit barely misses you.
Prince Ribbit croaks regally.
Prince Ribbit hits you!!
* * * LOW HITPOINT WARNING * * *
You closely miss Prince Ribbit. Your grab misses Prince Ribbit.
Prince Ribbit is lightly wounded.
Prince Ribbit hits you!
* * * LOW HITPOINT WARNING * * *
You bludgeon Prince Ribbit! You grab Prince Ribbit.
Prince Ribbit is moderately wounded.
You constrict Prince Ribbit. Prince Ribbit hits you.
You die...

#####...# #.# #.(.∩.##..... .#
##..# #(# ##..!.##...## .####...#
#(# #.......### F.......# #.#
####.......#### ..#####.##
#(####.............. .## ##.###
#.........##..###... ..#
##....###.....######.## ###. ..#
##..........F....###..## ##
#.###<.(##..>...@..........#####.
#.....####.###........####..##..#
......###..# ##......## #.....##
#..........## ##...### #....##
#........#..## ##.## #..##.##
##.....####..# ##.# #.####.#
##..........###..## ##.# ###
#................## #.##
#......#....####..## ##)#


You could see Prince Ribbit.

Vanquished Creatures
  An ogre (D:4)
  2 centaurs (D:5)
  2 kobold brigands (Sewer)
  A wyvern zombie (Ossuary)
  A scorpion (D:4)
  2 bullfrog zombies (Ossuary)
  2 hounds
  2 centaur zombies (Ossuary)
  A bullfrog skeleton (D:4)
  Terence (D:3)
  2 iguanas
  2 orc wizards
  3 worker ants (D:4)
  5 hound zombies
  12 mummies
  2 howler monkey zombies (Ossuary)
  4 worker ant zombies (Ossuary)
  A howler monkey skeleton (D:5)
  7 river rats (Sewer)
  4 adders
  A white imp (D:5)
  3 oozes
  3 adder zombies (Ossuary)
  3 adder skeletons
  2 worms
  A dart slug (D:3)
  10 leopard geckos
  19 orcs
  8 ball pythons
  10 bats
  6 giant cockroaches
  9 goblins
  A hobgoblin (D:3)
  8 jackals
  4 quokkas
  5 frilled lizards
  3 giant cockroach zombies (Ossuary)
  A goblin zombie (D:4)
  A jackal zombie (Ossuary)
  18 kobolds
  2 leopard gecko zombies (Ossuary)
  An orc zombie (D:4)
  31 rats
207 creatures vanquished.

Vanquished Creatures (others)
  A withered plant (Ossuary)
1 creature vanquished.

Grand Total: 208 creatures vanquished

Notes
Turn   | Place    | Note
-------+----------+-------------------------------------------
     0 | D:1      | tilp the Octopode Transmuter began the quest for the Orb.
     0 | D:1      | Reached XP level 1. HP: 13/13 MP: 3/3
   294 | D:1      | Reached skill level 1 in Stealth
   600 | D:1      | Reached XP level 2. HP: 18/18 MP: 3/5
   603 | D:1      | Learned a level 2 spell: Wereblood
  1212 | D:1      | Reached XP level 3. HP: 23/23 MP: 4/6
  1500 | D:1      | Learned a level 3 spell: Spider Form
  2213 | D:2      | Reached XP level 4. HP: 28/29 MP: 5/7
  2260 | D:2      | Found a blossoming altar of Fedhas.
  2262 | D:2      | Found an iron altar of Okawaru.
  2303 | D:2      | Became a worshipper of Warmaster Okawaru
  2539 | D:2      | Found a white marble altar of Elyvilon.
  2794 | D:2      | Found a stormy altar of Qazlal.
  3306 | D:3      | Found a glowing drain.
  3334 | Sewer    | Entered a sewer
  3713 | Sewer    | Reached XP level 5. HP: 12/34 MP: 5/8
  4914 | Sewer    | Noticed a kobold brigand
  4926 | Sewer    | Killed a kobold brigand
  4927 | Sewer    | Reached XP level 6. HP: 9/39 MP: 4/9
  5179 | Sewer    | Reached * piety under Okawaru
  5180 | Sewer    | Reached skill level 5 in Unarmed Combat
  5649 | D:3      | Noticed Terence
  5657 | D:3      | Killed Terence
  5871 | D:3      | Found an ornate altar of the Wu Jian Council.
  6169 | D:4      | Found a shadowy altar of Dithmenos.
  6186 | D:4      | Found a sand-covered staircase.
  6194 | D:4      | Reached XP level 7. HP: 34/45 MP: 10/10
  6264 | Ossuary  | Entered an ossuary
  6685 | Ossuary  | Reached ** piety under Okawaru
  6686 | Ossuary  | Reached XP level 8. HP: 41/54 MP: 11/11
  6736 | Ossuary  | Reached skill level 1 in Poison Magic
  7403 | D:4      | Learned a level 4 spell: Ice Form
  7663 | D:4      | Found a broken altar of Ashenzari.
  8017 | D:4      | Noticed a troll
  8277 | D:4      | Reached skill level 5 in Transmutations
  8524 | D:5      | Entered Level 5 of the Dungeon
  8566 | D:5      | Found Xidamis's Magic Scroll Emporium.
  8574 | D:5      | Bought a scroll of identify for 28 gold pieces
  8574 | D:5      | Bought a scroll of identify for 28 gold pieces
  8574 | D:5      | Bought a scroll of identify for 28 gold pieces
  8574 | D:5      | Bought a scroll of identify for 28 gold pieces
  9401 | D:5      | Noticed Prince Ribbit
  9711 | D:5      | Noticed Sigmund
  9784 | D:5      | Noticed Menkaure
  9985 | D:5      | Slain by Prince Ribbit

Illustrated notes

Levels and vault maps discovered:
D:1:      dpeg_arrival_ratfight, layout_basic
D:2:      layout_loops_corners, elyvilon_altar_1,
          nicolae_qazlal_eye_of_the_storm,
          chequers_temple_overflow_statue_of_worship
D:3:      layout_basic, nicolae_overflow_hidden_temple, gup_sewer_entry_pipe,
          uniq_terence
D:4:      minmay_octagon_keep, layout_loops_ring, overflow_temple_1_default,
          nicolae_ashenzari_panopticon, nicolae_ossuary_entry_giza
D:5:      layout_layer_cave, serial_shops, shop_scrolls, serial_bayou_pond_b,
          uniq_blork_the_orc, uniq_menkaure, uniq_sigmund, uniq_prince_ribbit1

Skill      XL: |  1  2  3  4  5  6  7  8 |
---------------+-------------------------+-----
Stealth        | 2 3 4 |  4.0
Fighting       | 2 3 4 |  4.0
Unarmed Combat | 4 5 6 |  6.0
Transmutations | 4 6 |  6.1
Dodging        | 3 4 |  4.0
Poison Magic   | 2 |  2.0
Spellcasting   | 4 |  4.0

Action                   |  1- 3 |  4- 6 |  7- 9 || total
-------------------------+-------+-------+-------++-------
Melee: Unarmed           |   101 |   186 |   242 ||   529
       Constrict         |    27 |    41 |    63 ||   131
       Kick              |    17 |    26 |    72 ||   115
       Tentacles         |    12 |    21 |    46 ||    79
       Punch             |       |     4 |     9 ||    13
Throw: Stone             |     4 |       |       ||     4
       Dart              |     7 |    10 |    28 ||    45
 Cast: Beastly Appendage |    25 |    34 |    31 ||    90
       Wereblood         |     8 |    11 |     8 ||    27
  Use: Scroll            |     2 |     6 |    14 ||    22
       Potion            |       |       |     3 ||     3
 Stab: Sleeping          |    11 |    11 |     5 ||    27
Armor: Skin              |    15 |     6 |     7 ||    28
Dodge: Dodged            |    48 |   103 |   110 ||   261

Table legend: (Time is in decaauts)
 A = Elapsed time spent in this place.
 B = Non-inter-level travel time spent in this place.
 C = Inter-level travel time spent in this place.
 D = Time resting spent in this place.
 E = Time spent auto-exploring this place.
 F = Levels seen in this place.
 G = Mean time per level.
                   A        B        C        D        E       F      G
               +--------+--------+--------+--------+--------+-----+--------+
         Total |   9937 |   9645 |    292 |   3115 |   4506 |   7 | 1419.6 |
       Dungeon |   6863 |   6571 |    292 |   1184 |   4104 |   5 | 1372.6 |
         Sewer |   2140 |   2140 |      0 |   1380 |    275 |   1 | 2140.0 |
       Ossuary |    934 |    934 |      0 |    551 |    127 |   1 |  934.0 |
               +--------+--------+--------+--------+--------+-----+--------+

Top non-repeatable levels by time:
   Sewer: 2140 daAuts
     D:4: 1805 daAuts
     D:1: 1530 daAuts
     D:2: 1405 daAuts
     D:5: 1092 daAuts
     D:3: 1029 daAuts
 Ossuary: 934 daAuts
